[ PARTIDA AOE2 · #477452115 ]
UnrankedJemeres vs Khmer
[ ANÁLISIS DE REPETICIÓN · EXTRAÍDO DE LA PARTIDA GRABADA ]
Feudal
13:17
Castillos
20:02
Imperial
—
| APM promedio | 19.5 |
| APM pico | 53 |
| eAPM promedio | 15.1 |
| Aldeanos / militares | 186 / 182 |
Foco
⚔️ 23.9% · 🌾 76.1%
Spearman ×67 · Skirmisher ×53 · Scorpion ×43 · Battering Ram ×16 · Ballista Elephant ×3
Feudal
13:58
Castillos
19:31
Imperial
32:50
| APM promedio | 11.1 |
| APM pico | 37 |
| eAPM promedio | 9.6 |
| Aldeanos / militares | 105 / 285 |
Foco
⚔️ 32.9% · 🌾 67.1%
Knight ×203 · Spearman ×82
Feudal
9:43
Castillos
16:59
Imperial
36:43
| APM promedio | 14.8 |
| APM pico | 51 |
| eAPM promedio | 9.0 |
| Aldeanos / militares | 146 / 131 |
Foco
⚔️ 24.4% · 🌾 75.6%
Archer ×61 · Skirmisher ×56 · Spearman ×7 · Bombard Cannon ×4 · Trebuchet (Packed) ×2 · War Wagon ×1
Feudal
12:35
Castillos
17:08
Imperial
40:51
| APM promedio | 13.3 |
| APM pico | 37 |
| eAPM promedio | 8.4 |
| Aldeanos / militares | 98 / 41 |
Foco
⚔️ 19.5% · 🌾 80.5%
Plumed Archer ×23 · Archer ×6 · Trebuchet (Packed) ×6 · Battering Ram ×5 · Monk ×1
Feudal
12:24
Castillos
19:47
Imperial
—
| APM promedio | 15.4 |
| APM pico | 86 |
| eAPM promedio | 8.4 |
| Aldeanos / militares | 87 / 2 |
Foco
⚔️ 7.8% · 🌾 92.2%
Spearman ×2 · Unknown (2550) ×1
Feudal
9:39
Castillos
20:51
Imperial
36:36
| APM promedio | 28.8 |
| APM pico | 62 |
| eAPM promedio | 18.0 |
| Aldeanos / militares | 126 / 196 |
Foco
⚔️ 38.5% · 🌾 61.5%
Scout Cavalry ×162 · Knight ×12 · Obuch ×9 · Bombard Cannon ×7 · Monk ×4 · Trebuchet (Packed) ×2
Feudal
14:58
Castillos
21:51
Imperial
42:48
| APM promedio | 15.1 |
| APM pico | 40 |
| eAPM promedio | 9.9 |
| Aldeanos / militares | 124 / 104 |
Foco
⚔️ 34.7% · 🌾 65.3%
Spearman ×45 · Skirmisher ×26 · Scout Cavalry ×21 · Knight ×12 · Trade Cart ×10
Feudal
14:13
Castillos
24:21
Imperial
36:55
| APM promedio | 21.3 |
| APM pico | 119 |
| eAPM promedio | 8.2 |
| Aldeanos / militares | 67 / 4 |
Foco
⚔️ 9.7% · 🌾 90.3%
Skirmisher ×3 · Militia ×1
Mapa de la partida
Recursos iniciales + cada clic de construcción. Líneas = muros · curvas = relieve. ◆ oro · ⬟ piedra · ● bayas · ✦ reliquia · ◌ hueco del cierre
Tu base· Abierta — flanco sin cerrar
Base de mars—double 97556· Abierta — flanco sin cerrar
Base de Blitz818· Abierta — flanco sin cerrar
Base de しこっぴ· Abierta — flanco sin cerrar
Base de Zero· Abierta — flanco sin cerrar
Base de 如恋雨止· Abierta — flanco sin cerrar
Base de jens_steffen1· Abierta — flanco sin cerrar
Base de 月几肉乌· Abierta — hueco de 4t
Terreno inicial suavizado · ◌ = hueco del cierre detectado · pasá el cursor para detalles
Inputs por minuto
— mosquito hunter - - mars—double 97556
Build order — mosquito hunter
Primeras 150 de 293 acciones detectadas
| 0:05 | Construir | House |
| 0:07 | Construir | House |
| 0:08 | Crear | Villager (Male) |
| 0:08 | Crear | Villager (Male) |
| 0:09 | Crear | Villager (Male) |
| 0:09 | Crear | Villager (Male) |
| 0:09 | Crear | Villager (Male) |
| 1:53 | Crear | Villager (Male) |
| 1:54 | Crear | Villager (Male) |
| 1:54 | Crear | Villager (Male) |
| 2:13 | Crear | Villager (Male) |
| 2:27 | Crear | Villager (Male) |
| 2:59 | Crear | Villager (Male) |
| 2:59 | Crear | Villager (Male) |
| 3:42 | Construir | House |
| 3:48 | Construir | House |
| 3:53 | Construir | House |
| 3:57 | Construir | House |
| 4:07 | Crear | Villager (Male) |
| 4:08 | Crear | Villager (Male) |
| 4:08 | Crear | Villager (Male) |
| 4:08 | Crear | Villager (Male) |
| 4:31 | Construir | Lumber Camp |
| 4:45 | Crear | Villager (Male) |
| 4:45 | Crear | Villager (Male) |
| 5:59 | Construir | Mining Camp |
| 6:31 | Crear | Villager (Male) |
| 6:32 | Crear | Villager (Male) |
| 6:32 | Crear | Villager (Male) |
| 6:32 | Crear | Villager (Male) |
| 6:33 | Crear | Villager (Male) |
| 7:42 | Crear | Villager (Male) |
| 7:42 | Crear | Villager (Male) |
| 8:39 | Construir | Mill |
| 8:50 | Crear | Villager (Male) |
| 8:50 | Crear | Villager (Male) |
| 8:52 | Crear | Villager (Male) |
| 8:52 | Crear | Villager (Male) |
| 11:07 | Investigar | Feudal Age |
| 12:17 | Construir | Farm |
| 12:17 | Construir | Farm |
| 12:17 | Construir | Farm |
| 12:18 | Construir | Farm |
| 12:18 | Construir | Farm |
| 12:18 | Construir | Farm |
| 12:19 | Construir | Farm |
| 12:19 | Construir | Farm |
| 12:19 | Construir | Farm |
| 12:20 | Construir | Farm |
| 12:52 | Construir | Barracks |
| 13:17 | Edad | Edad Feudal |
| 13:42 | Crear | Villager (Male) |
| 13:42 | Crear | Villager (Male) |
| 13:42 | Crear | Villager (Male) |
| 13:42 | Crear | Villager (Male) |
| 14:00 | Construir | Barracks |
| 14:07 | Crear | Spearman |
| 14:07 | Crear | Spearman |
| 14:09 | Crear | Spearman |
| 14:09 | Crear | Spearman |
| 14:20 | Crear | Villager (Male) |
| 14:20 | Crear | Villager (Male) |
| 14:35 | Investigar | Loom |
| 14:56 | Construir | Market |
| 15:18 | Construir | Mining Camp |
| 15:24 | Crear | Spearman ×3 |
| 15:24 | Crear | Spearman ×3 |
| 15:49 | Construir | House |
| 15:51 | Construir | House |
| 15:54 | Construir | House |
| 15:59 | Construir | House |
| 16:01 | Construir | House |
| 16:03 | Construir | House |
| 16:29 | Crear | Villager (Male) |
| 16:29 | Crear | Villager (Male) |
| 16:51 | Construir | House |
| 16:52 | Construir | House |
| 16:58 | Construir | House |
| 17:01 | Construir | House |
| 17:04 | Construir | House |
| 17:06 | Construir | House |
| 17:08 | Construir | House |
| 17:10 | Construir | House |
| 17:13 | Construir | House |
| 17:19 | Investigar | Castle Age |
| 17:26 | Crear | Spearman ×3 |
| 17:47 | Investigar | Double-Bit Axe |
| 18:54 | Construir | Palisade Wall |
| 19:14 | Construir | Palisade Gate |
| 19:28 | Construir | Palisade Wall |
| 19:39 | Investigar | Horse Collar |
| 19:47 | Construir | Farm |
| 19:47 | Construir | Farm |
| 19:47 | Construir | Farm |
| 19:48 | Construir | Farm |
| 19:48 | Construir | Farm |
| 19:48 | Construir | Farm |
| 19:49 | Construir | Farm |
| 20:02 | Edad | Edad de los Castillos |
| 20:07 | Crear | Villager (Male) |
| 20:07 | Crear | Villager (Male) |
| 20:08 | Crear | Villager (Male) |
| 20:08 | Crear | Villager (Male) |
| 20:08 | Crear | Villager (Male) |
| 20:08 | Crear | Villager (Male) |
| 20:21 | Construir | Town Center |
| 20:32 | Crear | Villager (Male) |
| 20:32 | Crear | Villager (Male) |
| 21:02 | Construir | Town Center |
| 21:15 | Construir | Farm |
| 21:15 | Construir | Farm |
| 21:18 | Crear | Villager (Male) |
| 21:18 | Crear | Villager (Male) |
| 21:19 | Crear | Villager (Male) |
| 21:19 | Crear | Villager (Male) |
| 21:19 | Crear | Villager (Male) |
| 22:10 | Construir | Farm |
| 22:10 | Construir | Farm |
| 22:18 | Crear | Villager (Male) ×3 |
| 22:19 | Crear | Villager (Male) ×3 |
| 22:31 | Construir | Farm |
| 22:52 | Construir | Farm |
| 22:52 | Construir | Farm |
| 23:06 | Investigar | Pikeman (upgrade) |
| 23:26 | Construir | Farm |
| 23:26 | Construir | Farm |
| 23:32 | Crear | Villager (Male) ×2 |
| 23:32 | Crear | Villager (Male) ×2 |
| 23:35 | Construir | Farm |
| 23:35 | Construir | Farm |
| 23:54 | Crear | Villager (Male) ×2 |
| 23:54 | Crear | Villager (Male) ×2 |
| 24:54 | Crear | Spearman ×5 |
| 24:54 | Crear | Spearman ×5 |
| 25:18 | Crear | Spearman |
| 25:18 | Crear | Spearman |
| 25:57 | Construir | Palisade Wall |
| 26:22 | Crear | Villager (Male) ×5 |
| 26:22 | Crear | Villager (Male) ×5 |
| 27:31 | Crear | Villager (Male) ×5 |
| 27:31 | Crear | Villager (Male) ×5 |
| 27:31 | Crear | Villager (Male) ×5 |
| 27:31 | Crear | Villager (Male) ×2 |
| 27:39 | Construir | Farm |
| 27:40 | Construir | Farm |
| 27:40 | Construir | Farm |
| 27:40 | Construir | Farm |
| 27:40 | Construir | Farm |
| 27:40 | Construir | Farm |
| 27:41 | Construir | Farm |
Build order — mars—double 97556
Primeras 150 de 346 acciones detectadas
| 0:05 | Construir | House |
| 0:07 | Construir | House |
| 0:07 | Crear | Villager (Male) |
| 0:08 | Crear | Villager (Male) |
| 0:08 | Crear | Villager (Male) |
| 0:08 | Crear | Villager (Male) |
| 0:09 | Crear | Villager (Male) |
| 1:29 | Crear | Villager (Male) |
| 1:48 | Crear | Villager (Male) |
| 1:48 | Crear | Villager (Male) |
| 2:36 | Crear | Villager (Male) |
| 2:36 | Crear | Villager (Male) |
| 2:39 | Crear | Villager (Male) |
| 2:39 | Crear | Villager (Male) |
| 2:59 | Crear | Villager (Male) |
| 2:59 | Crear | Villager (Male) |
| 3:21 | Crear | Villager (Male) |
| 3:21 | Crear | Villager (Male) |
| 3:48 | Crear | Villager (Male) |
| 3:49 | Crear | Villager (Male) |
| 3:53 | Construir | House |
| 3:54 | Construir | House |
| 4:00 | Crear | Villager (Male) |
| 4:01 | Crear | Villager (Male) |
| 4:20 | Crear | Villager (Male) |
| 4:38 | Crear | Villager (Male) |
| 4:39 | Crear | Villager (Male) |
| 4:53 | Crear | Villager (Male) |
| 4:53 | Crear | Villager (Male) |
| 5:07 | Crear | Villager (Male) |
| 5:40 | Crear | Villager (Male) |
| 5:41 | Crear | Villager (Male) |
| 6:29 | Crear | Villager (Male) |
| 6:31 | Crear | Villager (Male) |
| 7:24 | Crear | Villager (Male) |
| 7:25 | Crear | Villager (Male) |
| 7:28 | Construir | House |
| 7:30 | Construir | House |
| 7:38 | Construir | Mill |
| 8:09 | Crear | Villager (Male) |
| 8:10 | Crear | Villager (Male) |
| 8:10 | Crear | Villager (Male) |
| 8:10 | Crear | Villager (Male) |
| 8:24 | Construir | Lumber Camp |
| 9:24 | Crear | Villager (Male) |
| 9:24 | Crear | Villager (Male) |
| 9:26 | Crear | Villager (Male) |
| 9:29 | Crear | Villager (Male) |
| 9:58 | Construir | Mining Camp |
| 10:38 | Construir | Mining Camp |
| 10:45 | Construir | Farm |
| 10:45 | Construir | Farm |
| 10:46 | Construir | Farm |
| 10:46 | Construir | Farm |
| 10:46 | Construir | Farm |
| 10:47 | Construir | Farm |
| 10:47 | Construir | Farm |
| 11:14 | Investigar | Feudal Age |
| 11:29 | Construir | Farm |
| 11:29 | Construir | Farm |
| 11:31 | Construir | Farm |
| 12:05 | Construir | House |
| 12:06 | Construir | House |
| 12:07 | Construir | House |
| 12:38 | Construir | Farm |
| 12:39 | Construir | Farm |
| 13:42 | Crear | Villager (Male) |
| 13:42 | Crear | Villager (Male) |
| 13:58 | Edad | Edad Feudal |
| 13:59 | Investigar | Double-Bit Axe |
| 14:00 | Investigar | Wheelbarrow |
| 14:02 | Investigar | Horse Collar |
| 14:28 | Construir | Farm |
| 14:28 | Construir | Farm |
| 14:29 | Construir | Farm |
| 14:29 | Construir | Farm |
| 14:43 | Construir | Farm |
| 15:45 | Construir | Market |
| 16:13 | Construir | Blacksmith |
| 16:51 | Investigar | Castle Age |
| 17:13 | Investigar | Stone Mining |
| 17:24 | Crear | Villager (Male) |
| 17:24 | Crear | Villager (Male) |
| 17:25 | Crear | Villager (Male) |
| 17:25 | Crear | Villager (Male) |
| 17:45 | Construir | Lumber Camp |
| 18:26 | Crear | Villager (Male) |
| 18:26 | Crear | Villager (Male) |
| 19:15 | Crear | Villager (Male) |
| 19:15 | Crear | Villager (Male) |
| 19:31 | Edad | Edad de los Castillos |
| 19:34 | Construir | Town Center |
| 19:38 | Construir | Town Center |
| 19:42 | Investigar | Bow Saw |
| 19:59 | Investigar | Heavy Plow |
| 21:07 | Crear | Villager (Male) |
| 21:07 | Crear | Villager (Male) |
| 21:08 | Crear | Villager (Male) |
| 21:08 | Crear | Villager (Male) |
| 22:03 | Construir | Town Center |
| 22:12 | Crear | Villager (Male) |
| 22:13 | Crear | Villager (Male) |
| 22:35 | Construir | Castle |
| 22:48 | Crear | Villager (Male) |
| 22:48 | Crear | Villager (Male) |
| 22:48 | Crear | Villager (Male) |
| 22:49 | Crear | Villager (Male) |
| 22:49 | Crear | Villager (Male) |
| 22:49 | Crear | Villager (Male) |
| 23:22 | Crear | Villager (Male) |
| 23:23 | Crear | Villager (Male) |
| 23:23 | Crear | Villager (Male) |
| 23:23 | Crear | Villager (Male) |
| 23:24 | Crear | Villager (Male) |
| 23:24 | Crear | Villager (Male) |
| 23:24 | Crear | Villager (Male) |
| 23:25 | Crear | Villager (Male) |
| 23:25 | Crear | Villager (Male) |
| 23:25 | Crear | Villager (Male) |
| 23:32 | Construir | House |
| 23:32 | Construir | House |
| 23:32 | Construir | House |
| 23:33 | Construir | House |
| 23:33 | Construir | House |
| 23:34 | Construir | House |
| 23:34 | Construir | House |
| 23:35 | Construir | House |
| 23:36 | Construir | House |
| 23:36 | Construir | House |
| 23:36 | Construir | House |
| 23:37 | Construir | House |
| 23:37 | Construir | House |
| 23:38 | Construir | House |
| 23:38 | Construir | House |
| 23:39 | Construir | House |
| 23:39 | Construir | House |
| 23:40 | Construir | House |
| 23:40 | Construir | House |
| 23:40 | Construir | House |
| 24:05 | Crear | Villager (Male) |
| 24:05 | Crear | Villager (Male) |
| 24:06 | Crear | Villager (Male) |
| 24:06 | Crear | Villager (Male) |
| 24:06 | Crear | Villager (Male) |
| 24:06 | Crear | Villager (Male) |
| 24:07 | Crear | Villager (Male) |
| 24:07 | Crear | Villager (Male) |
| 24:07 | Crear | Villager (Male) |
| 24:53 | Crear | Villager (Male) |
| 24:54 | Crear | Villager (Male) |
Build order — Blitz818
Primeras 150 de 245 acciones detectadas
| 0:02 | Crear | Villager (Male) |
| 0:02 | Crear | Villager (Male) |
| 0:02 | Crear | Villager (Male) |
| 0:04 | Construir | House |
| 0:07 | Construir | House |
| 0:09 | Crear | Villager (Male) |
| 0:09 | Crear | Villager (Male) |
| 1:55 | Crear | Villager (Male) |
| 1:55 | Crear | Villager (Male) |
| 2:33 | Crear | Villager (Male) |
| 2:36 | Crear | Villager (Male) |
| 3:11 | Crear | Villager (Male) |
| 3:12 | Crear | Villager (Male) |
| 3:33 | Crear | Villager (Male) |
| 3:33 | Crear | Villager (Male) |
| 4:23 | Crear | Villager (Male) |
| 4:35 | Construir | House |
| 5:43 | Construir | Lumber Camp |
| 5:46 | Crear | Villager (Male) |
| 6:24 | Crear | Villager (Male) |
| 6:38 | Construir | Mill |
| 6:42 | Construir | House |
| 7:33 | Investigar | Feudal Age |
| 8:16 | Construir | Mining Camp |
| 9:21 | Crear | Villager (Male) |
| 9:21 | Crear | Villager (Male) |
| 9:43 | Edad | Edad Feudal |
| 10:06 | Construir | Farm |
| 10:07 | Construir | Farm |
| 10:07 | Construir | Farm |
| 10:36 | Crear | Villager (Male) |
| 11:28 | Crear | Villager (Male) |
| 11:36 | Construir | Farm |
| 11:52 | Construir | Market |
| 12:14 | Crear | Villager (Male) |
| 12:22 | Crear | Villager (Male) |
| 12:25 | Construir | House |
| 12:39 | Construir | Farm |
| 13:05 | Crear | Villager (Male) |
| 13:27 | Crear | Villager (Male) |
| 13:36 | Construir | Blacksmith |
| 14:00 | Construir | Farm |
| 14:19 | Investigar | Castle Age |
| 14:19 | Investigar | Castle Age |
| 14:49 | Crear | Villager (Male) ×4 |
| 14:58 | Construir | Mining Camp |
| 15:53 | Construir | House |
| 16:01 | Construir | Palisade Gate |
| 16:07 | Construir | Palisade Wall |
| 16:59 | Edad | Edad de los Castillos |
| 17:08 | Construir | Town Center |
| 17:43 | Construir | Town Center |
| 18:41 | Crear | Villager (Male) |
| 18:44 | Crear | Villager (Male) ×5 |
| 18:50 | Construir | Farm |
| 19:17 | Construir | Farm |
| 19:18 | Construir | Farm |
| 19:18 | Construir | Farm |
| 19:29 | Crear | Villager (Male) ×5 |
| 20:14 | Crear | Villager (Male) ×4 |
| 20:14 | Crear | Villager (Male) ×4 |
| 20:27 | Construir | House |
| 20:36 | Crear | Villager (Male) |
| 20:36 | Crear | Villager (Male) |
| 20:46 | Construir | Farm |
| 20:46 | Construir | Farm |
| 20:47 | Construir | Farm |
| 20:47 | Construir | Farm |
| 20:47 | Construir | Farm |
| 20:51 | Construir | Farm |
| 21:27 | Construir | Castle |
| 21:48 | Crear | Villager (Male) ×5 |
| 21:49 | Crear | Villager (Male) ×5 |
| 22:01 | Construir | House |
| 22:03 | Construir | House |
| 22:11 | Crear | Villager (Male) ×2 |
| 22:11 | Crear | Villager (Male) ×2 |
| 22:26 | Construir | Mining Camp |
| 22:45 | Crear | Villager (Male) ×3 |
| 23:01 | Construir | Barracks |
| 23:08 | Crear | Villager (Male) |
| 23:10 | Crear | Villager (Male) |
| 23:36 | Investigar | Double-Bit Axe |
| 23:36 | Investigar | Double-Bit Axe |
| 23:52 | Construir | Archery Range |
| 24:01 | Crear | Villager (Male) |
| 24:01 | Crear | Villager (Male) |
| 24:04 | Crear | Villager (Male) |
| 24:04 | Crear | Villager (Male) |
| 24:32 | Crear | Archer |
| 24:36 | Construir | Archery Range |
| 24:44 | Crear | Villager (Male) ×3 |
| 24:44 | Crear | Villager (Male) ×3 |
| 24:54 | Construir | Farm |
| 24:54 | Construir | Farm |
| 24:55 | Construir | Farm |
| 24:55 | Construir | Farm |
| 24:55 | Construir | Farm |
| 24:55 | Construir | Farm |
| 24:56 | Construir | Farm |
| 24:56 | Construir | Farm |
| 24:56 | Construir | Farm |
| 24:56 | Construir | Farm |
| 25:18 | Construir | Gate |
| 25:22 | Construir | House |
| 25:31 | Construir | Farm |
| 25:31 | Construir | Farm |
| 25:32 | Construir | Farm |
| 25:35 | Crear | Villager (Male) ×4 |
| 25:35 | Crear | Villager (Male) ×4 |
| 26:12 | Construir | Town Center |
| 26:21 | Investigar | Crossbowman (upgrade) |
| 26:21 | Crear | Archer ×5 |
| 26:22 | Crear | Archer ×5 |
| 26:31 | Crear | Spearman |
| 26:32 | Crear | Spearman |
| 26:47 | Crear | War Wagon |
| 26:49 | Crear | Villager (Male) ×3 |
| 26:50 | Crear | Villager (Male) ×3 |
| 27:17 | Crear | Archer ×5 |
| 27:30 | Construir | Farm |
| 27:30 | Construir | Farm |
| 27:31 | Construir | Farm |
| 27:31 | Construir | Farm |
| 27:39 | Crear | Villager (Male) ×5 |
| 27:40 | Crear | Villager (Male) ×5 |
| 28:01 | Construir | Lumber Camp |
| 28:20 | Crear | Villager (Male) ×4 |
| 28:20 | Crear | Villager (Male) ×5 |
| 28:20 | Crear | Villager (Male) |
| 28:35 | Construir | House |
| 28:42 | Construir | House |
| 28:42 | Construir | House |
| 28:44 | Construir | House |
| 28:45 | Construir | House |
| 28:53 | Crear | Villager (Male) ×4 |
| 29:05 | Construir | Farm |
| 29:05 | Construir | Farm |
| 29:21 | Construir | Lumber Camp |
| 29:32 | Crear | Villager (Male) ×5 |
| 29:32 | Crear | Villager (Male) ×5 |
| 29:32 | Crear | Villager (Male) ×5 |
| 29:40 | Crear | Archer ×2 |
| 29:40 | Crear | Archer ×4 |
| 30:13 | Investigar | Pikeman (upgrade) |
| 30:14 | Crear | Spearman |
| 30:14 | Crear | Spearman |
| 30:17 | Crear | Archer ×5 |
| 30:28 | Construir | Archery Range |
| 30:39 | Construir | Castle |
Build order — しこっぴ
Primeras 150 de 254 acciones detectadas
| 0:03 | Investigar | Loom |
| 0:04 | Crear | Villager (Male) |
| 0:05 | Crear | Villager (Male) |
| 0:05 | Crear | Villager (Male) |
| 0:05 | Crear | Villager (Male) |
| 0:15 | Construir | House |
| 0:16 | Construir | House |
| 0:17 | Construir | House |
| 0:19 | Construir | House |
| 1:06 | Construir | Lumber Camp |
| 2:03 | Crear | Villager (Male) |
| 2:35 | Crear | Villager (Male) |
| 2:35 | Crear | Villager (Male) |
| 2:35 | Crear | Villager (Male) |
| 3:34 | Crear | Villager (Male) |
| 3:34 | Crear | Villager (Male) |
| 4:21 | Crear | Villager (Male) |
| 4:21 | Crear | Villager (Male) |
| 4:22 | Crear | Villager (Male) |
| 5:04 | Crear | Villager (Male) |
| 5:04 | Crear | Villager (Male) |
| 5:39 | Crear | Villager (Male) |
| 6:35 | Construir | Mill |
| 6:40 | Crear | Villager (Male) |
| 6:40 | Crear | Villager (Male) |
| 6:40 | Crear | Villager (Male) |
| 6:41 | Crear | Villager (Male) |
| 7:16 | Crear | Villager (Male) |
| 7:16 | Crear | Villager (Male) |
| 7:24 | Construir | House |
| 7:26 | Construir | House |
| 7:28 | Construir | House |
| 7:30 | Construir | House |
| 8:34 | Crear | Villager (Male) |
| 8:35 | Crear | Villager (Male) |
| 8:35 | Crear | Villager (Male) |
| 9:15 | Construir | Mining Camp |
| 9:43 | Construir | Barracks |
| 9:52 | Crear | Villager (Male) |
| 9:58 | Investigar | Feudal Age |
| 12:32 | Construir | Farm |
| 12:35 | Edad | Edad Feudal |
| 12:39 | Investigar | Town Watch |
| 12:49 | Construir | Farm |
| 12:53 | Crear | Villager (Male) |
| 13:08 | Construir | Archery Range |
| 13:18 | Crear | Villager (Male) |
| 13:26 | Construir | Blacksmith |
| 13:44 | Construir | Archery Range |
| 13:54 | Crear | Villager (Male) |
| 14:28 | Investigar | Castle Age |
| 14:35 | Crear | Archer |
| 14:35 | Crear | Archer |
| 14:37 | Crear | Archer |
| 14:37 | Crear | Archer |
| 15:24 | Construir | Farm |
| 15:33 | Investigar | Double-Bit Axe |
| 16:18 | Crear | Archer |
| 16:18 | Crear | Archer |
| 16:24 | Construir | Mining Camp |
| 16:48 | Investigar | Horse Collar |
| 17:08 | Edad | Edad de los Castillos |
| 17:14 | Construir | Monastery |
| 17:39 | Investigar | Crossbowman (upgrade) |
| 18:11 | Crear | Monk |
| 18:16 | Construir | Farm |
| 18:18 | Construir | Farm |
| 18:35 | Construir | House |
| 18:37 | Construir | House |
| 18:38 | Construir | House |
| 18:40 | Construir | House |
| 18:45 | Investigar | Fletching |
| 18:47 | Crear | Villager (Male) |
| 19:01 | Construir | Town Center |
| 19:13 | Crear | Villager (Male) |
| 19:33 | Crear | Villager (Male) |
| 19:48 | Construir | Farm |
| 20:11 | Crear | Villager (Male) |
| 20:11 | Crear | Villager (Male) |
| 20:38 | Crear | Villager (Male) |
| 20:39 | Crear | Villager (Male) |
| 20:59 | Construir | Farm |
| 21:00 | Construir | Farm |
| 21:31 | Crear | Villager (Male) |
| 21:46 | Construir | Castle |
| 21:56 | Crear | Villager (Male) |
| 22:48 | Crear | Villager (Male) |
| 22:48 | Crear | Villager (Male) |
| 22:49 | Crear | Villager (Male) |
| 23:15 | Crear | Villager (Male) |
| 23:47 | Crear | Villager (Male) |
| 23:48 | Crear | Villager (Male) |
| 23:58 | Crear | Plumed Archer |
| 23:59 | Crear | Plumed Archer |
| 23:59 | Crear | Plumed Archer |
| 23:59 | Crear | Plumed Archer |
| 24:11 | Crear | Villager (Male) |
| 24:43 | Crear | Villager (Male) |
| 24:43 | Crear | Villager (Male) |
| 25:00 | Construir | Castle |
| 25:44 | Crear | Villager (Male) |
| 25:44 | Crear | Villager (Male) |
| 25:44 | Crear | Villager (Male) |
| 26:14 | Construir | Siege Workshop |
| 26:21 | Construir | Farm |
| 26:22 | Construir | Farm |
| 26:23 | Construir | Farm |
| 26:26 | Crear | Villager (Male) |
| 26:26 | Crear | Villager (Male) |
| 26:26 | Crear | Villager (Male) |
| 26:57 | Crear | Battering Ram |
| 27:16 | Crear | Villager (Male) |
| 27:16 | Crear | Villager (Male) |
| 27:16 | Crear | Villager (Male) |
| 27:30 | Construir | Farm |
| 27:32 | Construir | Farm |
| 27:33 | Construir | Farm |
| 27:36 | Construir | Farm |
| 27:38 | Construir | Farm |
| 27:45 | Crear | Villager (Male) |
| 27:45 | Crear | Villager (Male) |
| 28:20 | Crear | Battering Ram |
| 28:21 | Crear | Battering Ram |
| 28:29 | Crear | Plumed Archer ×5 |
| 28:43 | Investigar | Bodkin Arrow |
| 29:06 | Construir | University |
| 29:54 | Crear | Battering Ram |
| 29:54 | Crear | Battering Ram |
| 30:01 | Crear | Plumed Archer |
| 30:01 | Crear | Plumed Archer |
| 30:02 | Crear | Plumed Archer |
| 30:02 | Crear | Plumed Archer |
| 30:02 | Crear | Plumed Archer |
| 30:13 | Investigar | Heavy Plow |
| 30:22 | Crear | Villager (Male) |
| 30:22 | Crear | Villager (Male) |
| 30:22 | Crear | Villager (Male) |
| 30:41 | Construir | Castle |
| 30:53 | Investigar | Bow Saw |
| 30:56 | Crear | Villager (Male) |
| 30:57 | Crear | Villager (Male) |
| 30:57 | Crear | Villager (Male) |
| 31:43 | Construir | Farm |
| 31:50 | Crear | Villager (Male) |
| 31:50 | Crear | Villager (Male) |
| 31:50 | Crear | Villager (Male) |
| 31:51 | Crear | Villager (Male) |
| 31:58 | Construir | Town Center |
| 32:04 | Construir | Farm |
| 32:05 | Construir | Farm |
Build order — Zero
Primeras 150 de 160 acciones detectadas
| 0:03 | Construir | House |
| 0:05 | Construir | House |
| 0:06 | Crear | Villager (Male) |
| 0:07 | Crear | Villager (Male) |
| 0:07 | Crear | Villager (Male) |
| 0:07 | Crear | Villager (Male) |
| 1:55 | Crear | Villager (Male) |
| 2:12 | Construir | Settlement |
| 2:15 | Crear | Villager (Male) |
| 2:26 | Crear | Villager (Male) |
| 2:57 | Crear | Villager (Male) |
| 3:12 | Crear | Villager (Male) |
| 3:43 | Crear | Villager (Male) |
| 4:29 | Investigar | Loom |
| 4:30 | Crear | Villager (Male) |
| 4:55 | Crear | Villager (Male) |
| 5:28 | Construir | Settlement |
| 5:50 | Crear | Villager (Male) |
| 5:54 | Crear | Villager (Male) |
| 7:11 | Crear | Villager (Male) |
| 7:12 | Crear | Villager (Male) |
| 7:24 | Crear | Villager (Male) |
| 7:46 | Crear | Villager (Male) |
| 9:41 | Construir | House |
| 9:42 | Construir | House |
| 9:44 | Construir | House |
| 10:14 | Investigar | Feudal Age |
| 10:22 | Construir | Barracks |
| 11:10 | Crear | Villager (Male) |
| 11:11 | Crear | Villager (Male) |
| 11:31 | Construir | House |
| 12:24 | Edad | Edad Feudal |
| 12:38 | Construir | Market |
| 12:55 | Construir | Blacksmith |
| 13:17 | Construir | Stone Wall |
| 13:21 | Construir | Stone Wall |
| 13:28 | Construir | Farm |
| 13:29 | Construir | Farm |
| 13:29 | Construir | Farm |
| 13:30 | Construir | Farm |
| 13:31 | Construir | Farm |
| 13:32 | Construir | Farm |
| 13:33 | Construir | Farm |
| 13:34 | Construir | Farm |
| 14:17 | Crear | Spearman |
| 14:17 | Crear | Spearman |
| 15:30 | Construir | Stone Wall |
| 15:34 | Construir | Stone Wall |
| 15:55 | Construir | Farm |
| 15:56 | Construir | Farm |
| 16:16 | Construir | Farm |
| 16:17 | Construir | Farm |
| 17:07 | Investigar | Castle Age |
| 17:13 | Investigar | Double-Bit Axe |
| 19:21 | Construir | Watch Tower |
| 19:47 | Edad | Edad de los Castillos |
| 19:50 | Crear | Villager (Male) |
| 20:10 | Crear | Villager (Male) |
| 20:43 | Construir | Town Center |
| 21:51 | Crear | Villager (Male) |
| 21:52 | Crear | Villager (Male) |
| 21:52 | Crear | Villager (Male) |
| 21:54 | Crear | Villager (Male) |
| 22:44 | Crear | Villager (Male) |
| 22:44 | Crear | Villager (Male) |
| 22:44 | Crear | Villager (Male) |
| 23:01 | Construir | Farm |
| 23:02 | Construir | Farm |
| 23:03 | Construir | Farm |
| 23:04 | Construir | Farm |
| 23:24 | Crear | Villager (Male) |
| 23:40 | Construir | Farm |
| 23:46 | Crear | Villager (Male) |
| 23:47 | Crear | Villager (Male) |
| 23:52 | Crear | Villager (Male) |
| 23:53 | Crear | Villager (Male) |
| 25:44 | Crear | Villager (Male) |
| 26:56 | Crear | Villager (Male) |
| 26:56 | Crear | Villager (Male) |
| 26:57 | Crear | Villager (Male) |
| 26:59 | Crear | Villager (Male) |
| 27:00 | Crear | Villager (Male) |
| 27:24 | Construir | Farm |
| 27:35 | Crear | Villager (Male) |
| 28:04 | Construir | Settlement |
| 28:08 | Crear | Villager (Male) |
| 28:16 | Construir | Farm |
| 28:17 | Crear | Villager (Male) |
| 28:35 | Crear | Unit 2550 |
| 28:55 | Crear | Villager (Male) |
| 29:37 | Construir | Farm |
| 30:22 | Construir | Town Center |
| 31:00 | Crear | Villager (Male) |
| 31:00 | Crear | Villager (Male) |
| 31:00 | Crear | Villager (Male) |
| 31:01 | Crear | Villager (Male) |
| 31:01 | Crear | Villager (Male) |
| 33:06 | Construir | Town Center |
| 33:44 | Construir | Town Center |
| 35:27 | Construir | Castle |
| 35:54 | Construir | Farm |
| 35:55 | Construir | Farm |
| 35:55 | Construir | Farm |
| 36:57 | Crear | Villager (Male) |
| 37:16 | Construir | Farm |
| 37:16 | Construir | Farm |
| 38:23 | Crear | Villager (Male) |
| 38:23 | Crear | Villager (Male) |
| 38:23 | Crear | Villager (Male) |
| 39:51 | Construir | Farm |
| 39:51 | Construir | Farm |
| 39:56 | Crear | Villager (Male) |
| 39:57 | Crear | Villager (Male) |
| 39:57 | Crear | Villager (Male) |
| 40:27 | Construir | Farm |
| 40:28 | Construir | Farm |
| 40:30 | Crear | Villager (Male) |
| 40:39 | Crear | Villager (Male) |
| 40:44 | Crear | Villager (Male) |
| 40:50 | Construir | Farm |
| 41:08 | Construir | Farm |
| 41:12 | Crear | Villager (Male) |
| 41:16 | Construir | Farm |
| 41:32 | Construir | Farm |
| 41:33 | Construir | Farm |
| 41:40 | Construir | Farm |
| 41:44 | Crear | Villager (Male) |
| 41:45 | Crear | Villager (Male) |
| 42:05 | Crear | Villager (Male) |
| 42:19 | Crear | Villager (Male) |
| 42:20 | Crear | Villager (Male) |
| 42:29 | Construir | Settlement |
| 42:35 | Crear | Villager (Male) |
| 42:35 | Crear | Villager (Male) |
| 42:40 | Construir | Farm |
| 42:46 | Crear | Villager (Male) |
| 42:48 | Crear | Villager (Male) |
| 43:48 | Investigar | Bow Saw |
| 43:59 | Crear | Villager (Male) |
| 43:59 | Crear | Villager (Male) |
| 44:05 | Crear | Villager (Male) |
| 44:05 | Crear | Villager (Male) |
| 44:11 | Crear | Villager (Male) |
| 44:18 | Crear | Villager (Male) |
| 44:28 | Crear | Villager (Male) |
| 44:44 | Construir | Farm |
| 45:09 | Construir | Castle |
| 45:25 | Investigar | Horse Collar |
| 45:26 | Crear | Villager (Male) |
| 45:26 | Crear | Villager (Male) |
Build order — 如恋雨止
Primeras 150 de 529 acciones detectadas
| 0:01 | Crear | Villager (Male) |
| 0:02 | Construir | House |
| 0:05 | Construir | House |
| 0:22 | Crear | Villager (Male) |
| 0:36 | Crear | Villager (Male) |
| 0:36 | Crear | Villager (Male) |
| 0:36 | Crear | Villager (Male) |
| 0:36 | Crear | Villager (Male) |
| 0:36 | Crear | Villager (Male) |
| 0:36 | Crear | Villager (Male) |
| 0:36 | Crear | Villager (Male) |
| 0:37 | Crear | Villager (Male) |
| 0:37 | Crear | Villager (Male) |
| 0:37 | Crear | Villager (Male) |
| 0:37 | Crear | Villager (Male) |
| 0:37 | Crear | Villager (Male) |
| 0:37 | Crear | Villager (Male) |
| 1:04 | Investigar | Loom |
| 1:05 | Investigar | Loom |
| 1:05 | Investigar | Loom |
| 1:05 | Investigar | Loom |
| 1:06 | Investigar | Loom |
| 1:06 | Investigar | Loom |
| 1:06 | Investigar | Loom |
| 1:07 | Investigar | Loom |
| 1:07 | Investigar | Loom |
| 1:07 | Investigar | Loom |
| 1:48 | Construir | Mill |
| 2:00 | Crear | Villager (Male) |
| 2:41 | Crear | Villager (Male) |
| 3:00 | Crear | Villager (Male) |
| 3:10 | Crear | Villager (Male) |
| 3:18 | Crear | Villager (Male) |
| 4:05 | Crear | Villager (Male) |
| 4:20 | Crear | Villager (Male) |
| 4:34 | Construir | Lumber Camp |
| 4:53 | Crear | Villager (Male) |
| 5:00 | Crear | Villager (Male) |
| 6:14 | Crear | Villager (Male) |
| 6:20 | Crear | Villager (Male) |
| 6:52 | Crear | Villager (Male) |
| 7:18 | Investigar | Feudal Age |
| 8:41 | Construir | House |
| 9:17 | Construir | House |
| 9:19 | Construir | House |
| 9:20 | Construir | House |
| 9:32 | Construir | Palisade Wall |
| 9:38 | Construir | Palisade Gate |
| 9:39 | Edad | Edad Feudal |
| 9:41 | Crear | Villager (Male) |
| 9:48 | Crear | Villager (Male) |
| 9:50 | Investigar | Double-Bit Axe |
| 9:53 | Investigar | Horse Collar |
| 10:11 | Crear | Villager (Male) |
| 10:24 | Crear | Villager (Male) |
| 10:31 | Crear | Villager (Male) |
| 10:41 | Construir | Farm |
| 10:53 | Construir | Blacksmith |
| 10:57 | Crear | Villager (Male) |
| 11:10 | Construir | Palisade Wall |
| 11:17 | Construir | Palisade Gate |
| 11:24 | Crear | Villager (Male) |
| 11:53 | Crear | Villager (Male) |
| 12:04 | Construir | Market |
| 12:08 | Crear | Villager (Male) |
| 12:20 | Construir | Farm |
| 12:20 | Construir | Farm |
| 12:21 | Construir | Farm |
| 12:21 | Construir | Farm |
| 12:30 | Crear | Villager (Male) |
| 12:46 | Crear | Villager (Male) |
| 13:03 | Construir | Farm |
| 13:10 | Construir | Farm |
| 13:22 | Crear | Villager (Male) |
| 13:32 | Construir | Mill |
| 13:39 | Construir | Farm |
| 13:40 | Construir | Farm |
| 13:40 | Construir | Farm |
| 13:41 | Construir | Farm |
| 13:47 | Crear | Villager (Male) |
| 14:04 | Construir | House |
| 14:22 | Construir | Palisade Wall |
| 14:24 | Crear | Villager (Male) |
| 14:29 | Construir | Farm |
| 14:29 | Construir | Farm |
| 14:30 | Construir | Farm |
| 14:30 | Construir | Farm |
| 14:42 | Crear | Villager (Male) |
| 14:55 | Construir | Mining Camp |
| 14:58 | Crear | Villager (Male) |
| 15:10 | Construir | Mining Camp |
| 15:12 | Crear | Villager (Male) |
| 15:18 | Construir | Farm |
| 15:39 | Construir | Barracks |
| 16:02 | Construir | Mill |
| 16:19 | Construir | Farm |
| 16:19 | Construir | Farm |
| 16:23 | Construir | Farm |
| 16:23 | Construir | Farm |
| 16:23 | Construir | Farm |
| 16:30 | Crear | Villager (Male) |
| 17:03 | Construir | Stable |
| 17:21 | Crear | Villager (Male) |
| 17:42 | Crear | Villager (Male) |
| 17:57 | Investigar | Castle Age |
| 18:03 | Construir | Stable |
| 18:25 | Construir | Farm |
| 19:04 | Construir | House |
| 19:09 | Investigar | Gold Mining |
| 19:25 | Construir | House |
| 19:34 | Investigar | Bloodlines |
| 19:36 | Investigar | Forging |
| 19:38 | Crear | Scout Cavalry |
| 19:40 | Crear | Scout Cavalry |
| 19:48 | Crear | Scout Cavalry |
| 19:49 | Crear | Scout Cavalry |
| 19:49 | Crear | Scout Cavalry |
| 19:49 | Crear | Scout Cavalry |
| 20:00 | Construir | House |
| 20:21 | Construir | Mining Camp |
| 20:49 | Investigar | Stone Mining |
| 20:51 | Edad | Edad de los Castillos |
| 20:54 | Crear | Villager (Male) |
| 20:55 | Crear | Villager (Male) |
| 21:00 | Construir | Town Center |
| 21:11 | Construir | Monastery |
| 21:15 | Investigar | Light Cavalry (upgrade) |
| 21:20 | Investigar | Husbandry |
| 21:23 | Crear | Villager (Male) |
| 21:30 | Construir | Farm |
| 21:35 | Crear | Villager (Male) |
| 21:40 | Investigar | Iron Casting |
| 21:43 | Crear | Villager (Male) |
| 21:56 | Construir | Farm |
| 22:17 | Construir | Town Center |
| 22:20 | Crear | Monk |
| 22:27 | Crear | Scout Cavalry |
| 22:28 | Crear | Scout Cavalry |
| 22:32 | Crear | Villager (Male) |
| 22:33 | Crear | Villager (Male) |
| 22:35 | Crear | Villager (Male) |
| 22:35 | Crear | Villager (Male) |
| 22:38 | Crear | Scout Cavalry |
| 22:52 | Crear | Villager (Male) |
| 22:52 | Crear | Villager (Male) |
| 23:16 | Crear | Villager (Male) |
| 23:16 | Crear | Villager (Male) |
| 23:20 | Crear | Monk |
| 23:24 | Crear | Scout Cavalry |
| 23:30 | Crear | Villager (Male) |
Build order — jens_steffen1
Primeras 150 de 336 acciones detectadas
| 0:04 | Crear | Villager (Male) |
| 0:05 | Crear | Villager (Male) |
| 0:05 | Crear | Villager (Male) |
| 0:05 | Crear | Villager (Male) |
| 0:06 | Crear | Villager (Male) |
| 1:18 | Crear | Villager (Male) |
| 1:46 | Crear | Villager (Male) |
| 1:46 | Crear | Villager (Male) |
| 1:46 | Crear | Villager (Male) |
| 2:14 | Crear | Villager (Male) |
| 2:15 | Crear | Villager (Male) |
| 2:15 | Crear | Villager (Male) |
| 2:48 | Crear | Villager (Male) |
| 2:48 | Crear | Villager (Male) |
| 3:10 | Crear | Villager (Male) |
| 3:10 | Crear | Villager (Male) |
| 3:11 | Crear | Villager (Male) |
| 3:37 | Crear | Villager (Male) |
| 3:37 | Crear | Villager (Male) |
| 3:37 | Crear | Villager (Male) |
| 3:37 | Crear | Villager (Male) |
| 3:38 | Crear | Villager (Male) |
| 5:21 | Crear | Villager (Male) |
| 5:22 | Crear | Villager (Male) |
| 5:22 | Crear | Villager (Male) |
| 5:53 | Construir | Mill |
| 6:29 | Investigar | Loom |
| 6:31 | Crear | Villager (Male) |
| 6:31 | Crear | Villager (Male) |
| 6:32 | Crear | Villager (Male) |
| 6:57 | Crear | Villager (Male) |
| 6:57 | Crear | Villager (Male) |
| 7:33 | Construir | Lumber Camp |
| 7:35 | Crear | Villager (Male) |
| 8:25 | Construir | Mining Camp |
| 8:59 | Crear | Villager (Male) |
| 9:00 | Crear | Villager (Male) |
| 10:16 | Crear | Villager (Male) |
| 10:16 | Crear | Villager (Male) |
| 10:17 | Crear | Villager (Male) |
| 10:17 | Crear | Villager (Male) |
| 10:24 | Construir | Lumber Camp |
| 11:58 | Crear | Villager (Male) |
| 11:58 | Crear | Villager (Male) |
| 12:40 | Investigar | Feudal Age |
| 13:07 | Construir | Barracks |
| 14:11 | Construir | Farm |
| 14:13 | Construir | Farm |
| 14:14 | Construir | Farm |
| 14:17 | Construir | Farm |
| 14:19 | Construir | Farm |
| 14:20 | Construir | Farm |
| 14:32 | Construir | Barracks |
| 14:41 | Crear | Villager (Male) |
| 14:41 | Crear | Villager (Male) |
| 14:42 | Crear | Villager (Male) |
| 14:58 | Edad | Edad Feudal |
| 15:25 | Investigar | Double-Bit Axe |
| 15:28 | Investigar | Horse Collar |
| 15:43 | Construir | Farm |
| 15:46 | Construir | Farm |
| 15:47 | Construir | Farm |
| 15:49 | Construir | Farm |
| 15:54 | Construir | Farm |
| 15:56 | Construir | Farm |
| 15:57 | Construir | Farm |
| 15:59 | Construir | Farm |
| 16:00 | Construir | Farm |
| 16:03 | Construir | Farm |
| 16:04 | Construir | Farm |
| 16:16 | Crear | Villager (Male) |
| 16:16 | Crear | Villager (Male) |
| 16:17 | Crear | Villager (Male) |
| 16:49 | Construir | Farm |
| 16:59 | Construir | Stable |
| 17:06 | Investigar | Wheelbarrow |
| 17:19 | Construir | Farm |
| 17:21 | Construir | Farm |
| 17:35 | Construir | Farm |
| 17:40 | Crear | Villager (Male) |
| 17:40 | Crear | Villager (Male) |
| 18:09 | Construir | Blacksmith |
| 18:13 | Crear | Villager (Male) |
| 18:13 | Crear | Villager (Male) |
| 18:13 | Crear | Villager (Male) |
| 18:14 | Crear | Villager (Male) |
| 18:55 | Investigar | Castle Age |
| 19:28 | Construir | Stable |
| 19:32 | Construir | Stable |
| 19:39 | Crear | Villager (Male) |
| 19:40 | Crear | Villager (Male) |
| 19:40 | Crear | Villager (Male) |
| 20:28 | Investigar | Bloodlines |
| 21:21 | Crear | Scout Cavalry |
| 21:21 | Crear | Scout Cavalry |
| 21:21 | Crear | Scout Cavalry |
| 21:22 | Crear | Scout Cavalry |
| 21:22 | Crear | Scout Cavalry |
| 21:22 | Crear | Scout Cavalry |
| 21:26 | Investigar | Scale Barding Armor |
| 21:27 | Investigar | Forging |
| 21:51 | Edad | Edad de los Castillos |
| 22:10 | Construir | Town Center |
| 22:13 | Investigar | Husbandry |
| 22:14 | Investigar | Light Cavalry (upgrade) |
| 22:16 | Crear | Scout Cavalry |
| 22:16 | Crear | Scout Cavalry |
| 22:16 | Crear | Scout Cavalry |
| 22:30 | Investigar | Bow Saw |
| 23:03 | Construir | Town Center |
| 23:09 | Crear | Scout Cavalry |
| 23:10 | Crear | Scout Cavalry |
| 23:10 | Crear | Scout Cavalry |
| 23:20 | Crear | Villager (Male) |
| 23:20 | Crear | Villager (Male) |
| 23:21 | Crear | Villager (Male) |
| 23:27 | Construir | Farm |
| 23:29 | Construir | Farm |
| 23:30 | Construir | Farm |
| 23:37 | Construir | Farm |
| 23:40 | Construir | Farm |
| 23:41 | Crear | Villager (Male) |
| 23:41 | Crear | Villager (Male) |
| 23:42 | Crear | Villager (Male) |
| 23:50 | Construir | Farm |
| 24:01 | Crear | Villager (Male) |
| 24:01 | Crear | Villager (Male) |
| 24:01 | Crear | Villager (Male) |
| 24:43 | Crear | Scout Cavalry |
| 24:44 | Crear | Scout Cavalry |
| 24:44 | Crear | Scout Cavalry |
| 24:44 | Crear | Scout Cavalry |
| 24:50 | Crear | Scout Cavalry |
| 24:50 | Crear | Scout Cavalry |
| 24:55 | Crear | Villager (Male) |
| 24:55 | Crear | Villager (Male) |
| 25:33 | Crear | Villager (Male) |
| 25:33 | Crear | Villager (Male) |
| 25:33 | Crear | Villager (Male) |
| 25:35 | Crear | Villager (Male) |
| 25:35 | Crear | Villager (Male) |
| 25:39 | Crear | Scout Cavalry |
| 25:39 | Crear | Scout Cavalry |
| 25:40 | Crear | Scout Cavalry |
| 27:27 | Investigar | Iron Casting |
| 27:28 | Investigar | Chain Barding Armor |
| 27:29 | Crear | Villager (Male) |
| 27:30 | Crear | Villager (Male) |
| 27:30 | Crear | Villager (Male) |
| 27:30 | Crear | Villager (Male) |
Build order — 月几肉乌
Primeras 150 de 226 acciones detectadas
| 0:03 | Construir | House |
| 0:04 | Construir | House |
| 0:48 | Crear | Villager (Male) |
| 0:48 | Crear | Villager (Male) |
| 1:11 | Crear | Villager (Male) |
| 1:11 | Crear | Villager (Male) |
| 1:11 | Crear | Villager (Male) |
| 2:02 | Crear | Villager (Male) |
| 2:02 | Crear | Villager (Male) |
| 2:03 | Crear | Villager (Male) |
| 2:39 | Crear | Villager (Male) |
| 3:17 | Crear | Villager (Male) |
| 3:41 | Construir | Mill |
| 3:58 | Crear | Villager (Male) |
| 4:07 | Crear | Villager (Male) |
| 4:34 | Construir | Farm |
| 4:37 | Crear | Villager (Male) |
| 4:37 | Crear | Villager (Male) |
| 5:19 | Crear | Villager (Male) |
| 5:30 | Construir | Farm |
| 5:50 | Crear | Villager (Male) |
| 6:00 | Construir | House |
| 6:01 | Construir | House |
| 6:20 | Crear | Villager (Male) |
| 6:41 | Crear | Villager (Male) |
| 6:54 | Construir | Lumber Camp |
| 7:19 | Construir | Farm |
| 7:28 | Crear | Villager (Male) |
| 7:32 | Crear | Villager (Male) |
| 7:36 | Construir | Farm |
| 8:26 | Crear | Villager (Male) |
| 8:52 | Construir | Barracks |
| 9:02 | Crear | Villager (Male) |
| 9:17 | Construir | Farm |
| 9:22 | Construir | Farm |
| 9:25 | Crear | Villager (Male) |
| 10:02 | Construir | Palisade Wall |
| 10:12 | Construir | Farm |
| 10:13 | Construir | Farm |
| 10:17 | Crear | Villager (Male) |
| 10:18 | Crear | Villager (Male) |
| 10:52 | Construir | House |
| 10:54 | Construir | House |
| 11:09 | Crear | Villager (Male) |
| 11:49 | Construir | Palisade Wall |
| 11:58 | Construir | Farm |
| 12:00 | Construir | Farm |
| 12:03 | Investigar | Feudal Age |
| 12:13 | Crear | Militia |
| 12:27 | Construir | Palisade Wall |
| 13:11 | Construir | Palisade Wall |
| 13:36 | Crear | Villager (Male) |
| 14:00 | Construir | Farm |
| 14:02 | Construir | Farm |
| 14:13 | Edad | Edad Feudal |
| 14:23 | Construir | Archery Range |
| 14:50 | Construir | Palisade Wall |
| 15:00 | Crear | Villager (Male) |
| 15:00 | Crear | Villager (Male) |
| 15:01 | Crear | Villager (Male) |
| 15:22 | Crear | Villager (Male) |
| 15:40 | Construir | House |
| 15:45 | Construir | House |
| 16:09 | Investigar | Horse Collar |
| 16:09 | Investigar | Horse Collar |
| 16:11 | Investigar | Double-Bit Axe |
| 16:12 | Investigar | Double-Bit Axe |
| 16:18 | Crear | Villager (Male) |
| 16:18 | Crear | Villager (Male) |
| 16:36 | Construir | House |
| 17:04 | Construir | Market |
| 17:26 | Construir | Stone Wall |
| 17:51 | Crear | Villager (Male) |
| 17:51 | Crear | Villager (Male) |
| 17:51 | Crear | Villager (Male) |
| 18:19 | Crear | Villager (Male) |
| 18:30 | Construir | Blacksmith |
| 18:37 | Crear | Villager (Male) |
| 19:03 | Crear | Skirmisher |
| 19:35 | Construir | Stone Wall |
| 19:55 | Construir | Farm |
| 20:10 | Construir | Mining Camp |
| 20:16 | Investigar | Wheelbarrow |
| 20:45 | Construir | Gate |
| 20:58 | Crear | Skirmisher |
| 21:05 | Crear | Villager (Male) |
| 21:05 | Crear | Villager (Male) |
| 21:30 | Investigar | Castle Age |
| 21:41 | Investigar | Gold Mining |
| 21:43 | Investigar | Stone Mining |
| 22:19 | Crear | Skirmisher |
| 22:36 | Construir | Mining Camp |
| 23:25 | Crear | Villager (Male) |
| 23:28 | Crear | Villager (Male) |
| 24:02 | Construir | Stone Wall |
| 24:09 | Construir | Stone Wall |
| 24:21 | Edad | Edad de los Castillos |
| 26:48 | Construir | Town Center |
| 26:56 | Investigar | Hand Cart |
| 27:01 | Investigar | Stone Shaft Mining |
| 27:02 | Investigar | Bow Saw |
| 27:03 | Investigar | Bow Saw |
| 27:03 | Investigar | Bow Saw |
| 27:05 | Investigar | Heavy Plow |
| 27:05 | Investigar | Heavy Plow |
| 27:05 | Investigar | Heavy Plow |
| 27:20 | Investigar | Coinage |
| 27:26 | Investigar | Fletching |
| 27:56 | Crear | Villager (Male) |
| 27:56 | Crear | Villager (Male) |
| 28:50 | Construir | Mining Camp |
| 28:58 | Crear | Villager (Male) |
| 28:58 | Crear | Villager (Male) |
| 28:59 | Crear | Villager (Male) |
| 29:05 | Crear | Villager (Male) |
| 29:06 | Crear | Villager (Male) |
| 29:50 | Crear | Villager (Male) |
| 30:05 | Crear | Villager (Male) |
| 30:22 | Construir | Farm |
| 30:25 | Crear | Villager (Male) |
| 30:26 | Crear | Villager (Male) |
| 30:26 | Crear | Villager (Male) |
| 30:26 | Crear | Villager (Male) |
| 30:37 | Crear | Villager (Male) |
| 30:56 | Construir | Stone Wall |
| 31:11 | Construir | House |
| 31:12 | Construir | House |
| 31:14 | Construir | House |
| 31:15 | Construir | House |
| 31:26 | Crear | Villager (Male) |
| 31:26 | Crear | Villager (Male) |
| 32:18 | Construir | Monastery |
| 32:28 | Construir | University |
| 32:35 | Crear | Villager (Male) |
| 32:35 | Crear | Villager (Male) |
| 32:38 | Construir | Farm |
| 33:07 | Construir | Farm |
| 33:10 | Construir | Farm |
| 33:12 | Investigar | Imperial Age |
| 33:23 | Construir | Farm |
| 33:26 | Construir | Farm |
| 33:29 | Construir | Farm |
| 33:37 | Crear | Villager (Male) |
| 33:37 | Crear | Villager (Male) |
| 33:49 | Crear | Villager (Male) |
| 33:49 | Crear | Villager (Male) |
| 34:09 | Construir | Lumber Camp |
| 34:36 | Construir | Farm |
| 34:40 | Construir | Farm |
| 34:44 | Investigar | Treadmill Crane |
Cronología de la partida
| 8:52 | 月几肉乌 · first_building Barracks |
| 9:32 | 如恋雨止 · wall_segment Palisade Wall x13 |
| 9:39 | 如恋雨止 · age_up feudal |
| 9:43 | しこっぴ · first_building Barracks |
| 9:43 | Blitz818 · age_up feudal |
| 10:02 | 月几肉乌 · wall_segment Palisade Wall x11 |
| 10:22 | Zero · first_building Barracks |
| 11:10 | 如恋雨止 · wall_segment Palisade Wall x18 |
| 11:49 | 月几肉乌 · wall_segment Palisade Wall x10 |
| 12:24 | Zero · age_up feudal |
| 12:27 | 月几肉乌 · wall_segment Palisade Wall x8 |
| 12:35 | しこっぴ · age_up feudal |
| 12:52 | mosquito hunter · first_building Barracks |
| 13:07 | jens_steffen1 · first_building Barracks |
| 13:08 | しこっぴ · first_building Archery Range |
| 13:11 | 月几肉乌 · wall_segment Palisade Wall x16 |
| 13:17 | Zero · wall_segment Stone Wall x4 |
| 13:17 | mosquito hunter · age_up feudal |
| 13:21 | Zero · wall_segment Stone Wall x6 |
| 13:58 | mars—double 97556 · age_up feudal |
| 14:13 | 月几肉乌 · age_up feudal |
| 14:22 | 如恋雨止 · wall_segment Palisade Wall x5 |
| 14:23 | 月几肉乌 · first_building Archery Range |
| 14:50 | 月几肉乌 · wall_segment Palisade Wall x10 |
| 14:58 | jens_steffen1 · age_up feudal |
| 15:30 | Zero · wall_segment Stone Wall x8 |
| 15:34 | Zero · wall_segment Stone Wall x21 |
| 15:39 | 如恋雨止 · first_building Barracks |
| 16:07 | Blitz818 · wall_segment Palisade Wall x1 |
| 16:59 | Blitz818 · age_up castle |
| 16:59 | jens_steffen1 · first_building Stable |
| 17:03 | 如恋雨止 · first_building Stable |
| 17:04 | Zero · first_market_buy 100 food |
| 17:08 | しこっぴ · age_up castle |
| 17:14 | しこっぴ · first_building Monastery |
| 17:26 | 月几肉乌 · wall_segment Stone Wall x22 |
| 18:54 | mosquito hunter · wall_segment Palisade Wall x1 |
| 19:28 | mosquito hunter · wall_segment Palisade Wall x4 |
| 19:31 | mars—double 97556 · age_up castle |
| 19:35 | 月几肉乌 · wall_segment Stone Wall x32 |
| 19:47 | Zero · age_up castle |
| 20:02 | mosquito hunter · age_up castle |
| 20:51 | 如恋雨止 · age_up castle |
| 21:11 | 如恋雨止 · first_building Monastery |
| 21:24 | 月几肉乌 · first_market_sell 100 wood |
| 21:27 | Blitz818 · first_building Castle |
| 21:46 | しこっぴ · first_building Castle |
| 21:51 | jens_steffen1 · age_up castle |
| 22:35 | mars—double 97556 · first_building Castle |
| 23:01 | Blitz818 · first_building Barracks |
| 23:48 | Blitz818 · first_market_buy 100 wood |
| 23:52 | Blitz818 · first_building Archery Range |
| 24:02 | 月几肉乌 · wall_segment Stone Wall x4 |
| 24:09 | 月几肉乌 · wall_segment Stone Wall x6 |
| 24:21 | 月几肉乌 · age_up castle |
| 25:57 | mosquito hunter · wall_segment Palisade Wall x12 |
| 26:06 | 月几肉乌 · first_market_buy 100 stone |
| 26:14 | しこっぴ · first_building Siege Workshop |
| 26:28 | mars—double 97556 · first_building Barracks |
| 26:57 | mars—double 97556 · first_market_buy 100 wood |
| 30:15 | 如恋雨止 · first_building Castle |
| 30:26 | mosquito hunter · first_building Siege Workshop |
| 30:56 | 月几肉乌 · wall_segment Stone Wall x37 |
| 32:18 | 月几肉乌 · first_building Monastery |
| 32:24 | Blitz818 · wall_segment Stone Wall x8 |
| 32:50 | mars—double 97556 · age_up imperial |
| 33:19 | Blitz818 · first_market_sell 100 wood |
| 33:34 | mosquito hunter · first_building Archery Range |
| 33:55 | mars—double 97556 · first_market_sell 500 wood |
| 34:42 | mars—double 97556 · first_building Stable |
| 35:27 | Zero · first_building Castle |
| 36:00 | Blitz818 · first_building Siege Workshop |
| 36:14 | jens_steffen1 · first_building Archery Range |
| 36:36 | 如恋雨止 · age_up imperial |
| 36:43 | Blitz818 · age_up imperial |
| 36:47 | jens_steffen1 · first_building Castle |
| 36:55 | 月几肉乌 · age_up imperial |
| 37:48 | mosquito hunter · first_market_sell 100 food |
| 37:51 | mosquito hunter · first_market_buy 100 stone |
| 38:10 | mosquito hunter · first_building Castle |
| 39:53 | 月几肉乌 · tribute_sent a jugador 1 |
| 39:53 | 月几肉乌 · tribute_sent a jugador 2 |
| 39:53 | 月几肉乌 · tribute_sent a jugador 3 |
| 39:53 | 月几肉乌 · tribute_sent a jugador 4 |
| 39:53 | 月几肉乌 · tribute_sent a jugador 5 |
| 39:53 | 月几肉乌 · tribute_sent a jugador 6 |
| 39:53 | 月几肉乌 · tribute_sent a jugador 8 |
| 40:51 | しこっぴ · age_up imperial |
| 42:48 | jens_steffen1 · age_up imperial |
| 42:58 | 月几肉乌 · tribute_sent a jugador 1 |
| 42:58 | 月几肉乌 · tribute_sent a jugador 2 |
| 42:58 | 月几肉乌 · tribute_sent a jugador 3 |
| 42:58 | 月几肉乌 · tribute_sent a jugador 4 |
| 42:58 | 月几肉乌 · tribute_sent a jugador 5 |
| 42:58 | 月几肉乌 · tribute_sent a jugador 6 |
| 42:58 | 月几肉乌 · tribute_sent a jugador 8 |
| 43:26 | jens_steffen1 · wall_segment Stone Wall x1 |
| 43:26 | 如恋雨止 · first_building Siege Workshop |
| 43:43 | 月几肉乌 · wall_segment Stone Wall x18 |
| 43:53 | 月几肉乌 · wall_segment Stone Wall x13 |
| 44:23 | 月几肉乌 · wall_segment Stone Wall x9 |
| 46:33 | jens_steffen1 · resign |
| 46:34 | 月几肉乌 · wall_segment Stone Wall x8 |
| 46:52 | 月几肉乌 · wall_segment Stone Wall x12 |
| 47:32 | 月几肉乌 · wall_segment Stone Wall x7 |
| 49:36 | 月几肉乌 · tribute_sent a jugador 1 |
| 49:36 | 月几肉乌 · tribute_sent a jugador 2 |
| 49:36 | 月几肉乌 · tribute_sent a jugador 3 |
| 49:36 | 月几肉乌 · tribute_sent a jugador 4 |
| 49:36 | 月几肉乌 · tribute_sent a jugador 5 |
| 49:36 | 月几肉乌 · tribute_sent a jugador 6 |
| 49:36 | 月几肉乌 · tribute_sent a jugador 8 |
| 50:05 | しこっぴ · tribute_sent a jugador 1 |
| 50:05 | しこっぴ · tribute_sent a jugador 2 |
| 50:05 | しこっぴ · tribute_sent a jugador 4 |
| 50:05 | しこっぴ · tribute_sent a jugador 5 |
| 50:05 | しこっぴ · tribute_sent a jugador 6 |
| 50:05 | しこっぴ · tribute_sent a jugador 7 |
| 50:05 | しこっぴ · tribute_sent a jugador 8 |
| 52:14 | 月几肉乌 · tribute_sent a jugador 1 |
| 52:14 | 月几肉乌 · tribute_sent a jugador 2 |
| 52:14 | 月几肉乌 · tribute_sent a jugador 3 |
| 52:14 | 月几肉乌 · tribute_sent a jugador 4 |
| 52:14 | 月几肉乌 · tribute_sent a jugador 5 |
| 52:14 | 月几肉乌 · tribute_sent a jugador 6 |
| 52:14 | 月几肉乌 · tribute_sent a jugador 8 |
| 52:30 | しこっぴ · first_market_sell 500 food |
| 55:18 | しこっぴ · tribute_sent a jugador 1 |
| 55:18 | しこっぴ · tribute_sent a jugador 2 |
| 55:18 | しこっぴ · tribute_sent a jugador 4 |
| 55:18 | しこっぴ · tribute_sent a jugador 5 |
| 55:18 | しこっぴ · tribute_sent a jugador 6 |
| 55:18 | しこっぴ · tribute_sent a jugador 7 |
| 55:18 | しこっぴ · tribute_sent a jugador 8 |
[ ANÁLISIS IA · 1 CRÉDITO ]
¿Qué pasó realmente en esta partida?
Wolo.gg analiza cada decisión: build order, eco, micro, errores típicos por bracket. Análisis personalizado por WhatsApp o Discord en 30 segundos.
Guía civ
Jemeres
Perfil
Jugador #23906149